Map: Ever Dream LE

Players

KingArthur

  • Race: Zerg Zerg
  • League: Gold
  • Spawn Location: 1:00

A.I. 1 (Easy) - Winner!

  • Race: Protoss Protoss
  • Spawn Location: 7:00

VOD

Have the link to the VOD?

Description

Time

  • Played on: Sept. 11, 2020, 5:48 a.m.
  • Length: 3:31
Show
View Real Time Build Order
Export as new Build Order

KingArthur Zerg 

Build Orders: Hatch First 

Get SALT Encoding   

  12  0:01  Drone  
  13  0:13  Overlord  
  13  0:18  Drone  
  14  0:33  Drone x2  
  16  0:50  Hatchery  
  16  0:54  Drone  
  16  0:57  Drone  
  16  1:01  Drone  
  18  1:07  Extractor  
  17  1:20  Spawning Pool  
  17  1:22  Drone  
  17  1:30  Drone x2  
  19  2:07  Queen  
  19  2:08  Queen  
  23  2:10  Zergling x6  
  26  2:19  Overlord  
  26  2:35  Baneling Nest  
  26  2:36  Zergling x6  
  28  3:03  Zergling x10  
  33  3:09  Zergling x2  
Show
View Real Time Build Order
Export as new Build Order

A.I. 1 (Easy) Protoss - Winner!

Build Orders:  

Get SALT Encoding   

  12  0:00  Probe  
  13  0:13  Probe  
  14  0:19  Pylon  
  14  0:25  Probe  
  15  0:33  Probe  
  16  0:44  Assimilator  
  16  0:50  Gateway  
  16  0:54  Pylon  
  16  1:17  Assimilator  
  16  1:29  Zealot  
  16  1:39  Cybernetics Core  
  18  2:03  Probe  
  18  2:04  Pylon  
  19  2:11  Probe  
  19  2:16  Stalker  
  19  2:21  Probe  
  23  2:33  Probe  
  24  2:45  Probe, Adept  
  27  2:58  Probe  
Tags
 
League
Gold
Matchup
PvZ
Spawn Locations
Cross Positions
Add a new tag
Caveats
  • Supply blocks, unpowered buildings, or Contaminate may cause inaccurate times.
  • Supply counts are checked every 10 seconds.